Map: Pilares de oro EE

Players

MrFercho

  • Race: Zerg Zerg
  • League: Silver
  • Spawn Location: 7:00

FrappyJones - Winner!

  • Race: Zerg Zerg
  • League: Bronze
  • Spawn Location: 1:00

VOD

Have the link to the VOD?

Description

Time

  • Played on: July 4, 2020, 1:13 p.m.
  • Length: 11:36
Show
View Real Time Build Order
Export as new Build Order

MrFercho Zerg 

Build Orders: Hatch First, Roach Hydra 

Get SALT Encoding   

  12  0:01  Drone  
  13  0:14  Overlord  
  13  0:20  Drone  
  14  0:32  Drone x2  
  16  0:36  Drone  
  17  0:56  Hatchery  
  16  0:58  Drone  
  16  1:01  Drone  
  18  1:08  Drone  
  19  1:19  Spawning Pool  
  19  1:23  Drone  
  19  1:34  Extractor, Drone  
  19  1:40  Drone  
  20  1:59  Drone  
  21  2:02  Drone  
  22  2:10  Drone  
  23  2:17  Drone  
  23  2:19  Drone  
  25  2:25  Queen  
  25  2:26  Overlord  
  28  2:44  Queen, Drone  
  28  2:48  Drone x3  
  33  2:58  Drone x2  
  35  3:06  Lair  
  35  3:15  Roach Warren  
  34  3:21  Evolution Chamber, Drone x3  
  34  3:22  Overlord  
  36  3:32  Evolution Chamber  
  35  3:35  Drone  
  35  3:36  Overlord x2  
  35  3:37  Overlord  
  35  3:40  Queen  
  38  3:50  Zerg Missile Weapons Level 1  
  38  3:52  Drone x4  
  42  3:56  Overlord  
  42  4:14  Drone  
  42  4:15  Drone x4  
  47  4:19  Extractor  
  47  4:20  Extractor  
  47  4:24  Glial Reconstitution  
  45  4:26  Drone  
  46  4:32  Drone x4  
  50  5:02  Zerg Ground Armor Level 1  
  50  5:03  Hatchery, Roach  
  50  5:04  Roach x5  
  61  5:18  Hydralisk Den  
  60  5:24  Roach  
  60  5:25  Roach x2  
  66  5:55  Zerg Missile Weapons Level 2  
  66  6:02  Drone x3  
  66  6:03  Drone, Infestation Pit  
  69  6:09  Extractor  
  68  6:26  Roach  
  68  6:27  Roach x6  
  68  6:28  Overlord  
  68  6:29  Overlord x3  
  82  6:50  Tunneling Claws  
  82  6:52  Drone x3  
  82  6:53  Drone x8  
  93  7:23  Hatchery  
  93  7:29  Hydralisk x6  
  104  7:33  Muscular Augments  
  104  7:37  Hatchery  
  104  7:39  Hive  
  103  7:47  Hatchery  
  102  7:59  Roach x3  
  100  8:29  Lurker Den  
  100  8:32  Spire  
  98  8:44  Grooved Spines  
  98  8:47  Overlord  
  98  8:48  Overlord x3  
  62  9:11  Drone x11  
  73  9:29  Hydralisk x6  
  75  9:45  Mutalisk  
  75  9:46  Mutalisk  
  75  9:48  Zergling x2  
  75  9:49  Zergling x16  
  75  10:12  Spine Crawler  
  75  10:13  Spine Crawler x2  
  58  10:16  Spine Crawler  
  58  10:18  Mutalisk x4  
  60  10:26  Hydralisk  
  60  10:29  Zergling x22  
  59  10:54  Mutalisk x7  
Show
View Real Time Build Order
Export as new Build Order

FrappyJones Zerg - Winner!

Build Orders: Hatch First 

Get SALT Encoding   

  12  0:01  Drone  
  13  0:12  Overlord  
  13  0:17  Drone  
  14  0:30  Drone x2  
  16  0:37  Drone  
  17  0:45  Drone  
  18  0:57  Hatchery  
  17  1:11  Spawning Pool  
  17  1:16  Drone  
  17  1:18  Drone  
  18  1:22  Drone  
  19  1:28  Drone  
  19  1:32  Extractor  
  19  1:39  Drone  
  20  1:50  Drone  
  21  2:02  Overlord  
  21  2:05  Queen  
  21  2:06  Extractor  
  22  2:11  Queen  
  25  2:22  Drone  
  25  2:23  Drone  
  25  2:26  Drone x2  
  28  2:42  Drone x3  
  31  3:00  Hatchery  
  31  3:02  Drone x3  
  33  3:14  Roach Warren  
  33  3:16  Evolution Chamber  
  31  3:20  Drone x4  
  31  3:23  Drone  
  36  3:40  Overlord x3  
  36  3:58  Drone x4  
  40  4:09  Roach x5  
  52  4:10  Roach  
  52  4:13  Extractor  
  52  4:15  Drone  
  52  4:18  Queen  
  52  4:20  Drone  
  55  4:29  Zerg Ground Armor Level 1  
  55  4:33  Drone  
  56  4:40  Spine Crawler, Drone  
  56  4:43  Drone  
  56  4:44  Drone x4  
  61  4:51  Drone  
  62  4:59  Drone x2  
  64  5:08  Extractor, Drone  
  64  5:09  Drone x2  
  64  5:12  Metabolic Boost  
  66  5:23  Lair  
  66  5:27  Spore Crawler  
  65  5:33  Zergling x2  
  65  5:34  Overlord x7  
  66  5:49  Evolution Chamber  
  65  5:50  Queen  
  66  5:58  Zergling x2  
  66  5:59  Zergling x20  
  77  6:04  Drone  
  78  6:12  Drone x3  
  78  6:16  Zergling x2  
  78  6:17  Zergling x14  
  89  6:23  Zerg Melee Weapons Level 1  
  89  6:47  Zerg Ground Armor Level 2  
  89  6:48  Glial Reconstitution  
  89  6:50  Zergling x2  
  89  6:51  Zergling x16  
  98  7:05  Roach  
  98  7:06  Roach x4  
  102  7:16  Roach x5  
  112  7:24  Roach x3  
  118  7:36  Roach x2  
  122  7:38  Overlord  
  122  8:12  Hatchery  
  113  8:13  Roach x9  
  113  8:14  Roach  
  113  8:18  Zerg Missile Weapons Level 1  
  126  8:20  Hydralisk Den  
  126  8:23  Infestation Pit  
  124  8:29  Roach  
  124  8:30  Roach  
  108  9:00  Queen  
  108  9:03  Zerg Melee Weapons Level 2  
  108  9:09  Roach  
  112  9:10  Roach x10  
  112  9:12  Overlord x4  
  130  9:23  Queen  
  132  9:28  Hive  
  132  9:30  Tunneling Claws  
  132  9:36  Queen  
  134  9:41  Extractor  
  132  9:57  Roach  
  132  9:58  Roach x14  
  157  10:11  Zergling x10, Queen  
  156  10:43  Zergling x2  
  156  10:44  Zergling x22  
  168  10:54  Overlord x6  
  164  11:10  Ravager x3  
  166  11:11  Ravager  
Tags
 
Composition
Roach Hydra
Matchup
ZvZ
Race
Zerg
Replay Pack
MrFercho
Spawn Locations
Cross Positions
Add a new tag
Caveats
  • Supply blocks, unpowered buildings, or Contaminate may cause inaccurate times.
  • Supply counts are checked every 10 seconds.